 Dungeon Crawl Stone Soup version 0.22.0-49-gab54619 (webtiles) character file.

8948 jerryfan the Cleaver (level 11, -11/84 HPs)
             Began as a Demonspawn Fighter on Sept 4, 2018.
             Mangled by a troll (13 damage)
             ... on level 11 of the Dungeon on Sept 7, 2018.
             The game lasted 00:36:43 (11041 turns).

jerryfan the Cleaver (Demonspawn Fighter)          Turns: 11041, Time: 00:36:44

Health: -11/84     AC: 10    Str: 18    XL:     11   Next: 16%
Magic:  11/11      EV: 12    Int: 12    God:
Gold:   608        SH: 10    Dex: 12    Spells: 4/10 levels left

rFire    x . .     SeeInvis .   a - +1 war axe
rCold    + + +     Gourm    .   c - +0 shield
rNeg     . . .     Faith    .   t - +4 ring mail
rPois    .         Spirit   .   (helmet restricted)
rElec    .         Reflect  .   w - scarf {repulsion}
rCorr    .         Harm     .   (no gloves)
MR       .....     Clarity  +   (no boots)
Stlth    +.........             (no amulet)
HPRegen  0.24/turn              s - ring of ice
MPRegen  0.12/turn              p - +3 ring of evasion

@: repel missiles
A: horns 1, talons 2, clarity, cold resistance 2, spiny 1, wild magic 1, sturdy
frame 1
a: no special abilities


You were on level 11 of the Dungeon.
You were very hungry.

You visited 2 branches of the dungeon, and saw 12 of its levels.
You also visited: Ossuary.

You collected 608 gold pieces.

Inventory:

Hand Weapons
 a - a +1 war axe (weapon)
 F - a cursed +2 hand axe
Missiles
 h - 2 throwing nets (quivered)
 r - 2 tomahawks
Armour
 b - a +0 scale mail
 c - a +0 shield (worn)
 t - a +4 ring mail (worn)
 w - a scarf of repulsion (worn)
Jewellery
 p - a +3 ring of evasion (right hand)
 s - a ring of ice (left hand)
Wands
 d - a wand of flame (2)
 l - a wand of random effects (20)
 E - a wand of enslavement (8)
Scrolls
 g - a scroll of amnesia
 j - 2 scrolls of teleportation
 m - 5 scrolls of identify
 n - a scroll of enchant weapon
 v - a scroll of fog
 y - 3 scrolls of remove curse
 z - a scroll of magic mapping
Potions
 e - 6 potions of curing
 i - a potion of brilliance
 k - a potion of agility
 o - 5 potions of lignification
 q - 2 potions of invisibility
 u - a potion of flight
 x - 2 potions of cancellation
 A - a potion of ambrosia
 B - a potion of magic
 C - a potion of might
 D - 2 potions of haste
Comestibles
 f - 21 rations


   Skills:
 + Level 7.4 Fighting
 * Level 9.1 Axes
 + Level 6.7 Armour
 + Level 6.8 Shields
 * Level 8.7 Hexes


You had 4 spell levels left.
You knew the following spells:

 Your Spells              Type           Power        Failure   Level  Hunger
a - Tukima's Dance        Hex            ####....     16%         3    ####...
b - Confuse               Hex            ####....     16%         3    ####...

Your spell library contained the following spells:

 Spells                   Type           Power        Failure   Level  Hunger
 Confusing Touch          Hex            ####..       6%          1    ##.....
 Corona                   Hex            ####...      6%          1    ##.....
 Slow                     Hex            ####....     9%          2    ###....
 Ensorcelled Hibernation  Hex/Ice        ###...       38%         2    ###....
 Dazzling Spray           Conj/Hex       ##....       61%         3    ####...
 Magic Dart               Conj           #...         83%         1    ##.....
 Blink                    Tloc           N/A          92%         2    ###....
 Call Imp                 Summ           #.......     92%         2    ###....
 Conjure Flame            Conj/Fire      #.......     99%         3    ####...
 Gell's Gravitas          Tloc           #.........   99%         3    ####...
 Mephitic Cloud           Conj/Pois/Air  #.......     99%         3    ####...
 Petrify                  Tmut/Erth      #.......     100%        4    #####..
 Metabolic Englaciation   Hex/Ice        ###.......   100%        5    ######.
 Yara's Violent Unravell  Hex/Tmut       ##........   100%        5    ######.


Dungeon Overview and Level Annotations

Branches:
Dungeon (11/15)            Temple (1/1) D:7             Orc (0/2) D:9
   Lair: D:8-11

Altars:
Ashenzari
Cheibriados
Dithmenos
Elyvilon
Fedhas
Gozag
Hepliaklqana
Kikubaaqudgha
Makhleb
Nemelex Xobeh
Qazlal
Ru
Sif Muna
Trog
Uskayaw
Vehumet
Wu Jian
Xom
Yredelemnul
Zin
The Shining One

Annotations:
D:4 exclusion: statue
D:6 Grinder, Prince Ribbit
D:10 exclusion: downstairs
D:11 Erolcha


Innate Abilities, Weirdness & Mutations

You have razor-sharp toenails.
Your flesh is very cold resistant. (rC++)
You are partially covered in sharp spines.
Your movements are slightly less encumbered by armour. (ER -2)
You have a pair of small horns on your head.
You possess an exceptional clarity of mind.
Your spells are a little harder to cast, but a little more powerful.


Message History

You closely miss the troll. Your headbutt misses the troll.
The troll is almost dead.
You block the troll's attack. The troll claws you!
* * * LOW HITPOINT WARNING * * *
The troll claws you!
* * * LOW HITPOINT WARNING * * *
Okay, then.
Evoke which item? (* to show all) (? for menu, Esc to quit)
Aiming: Throw Flame
Press: ? - help, Shift-Dir - straight line, f - troll
Aim: a troll (almost dead)
The puff of flame hits the troll.
The troll is almost dead.
The troll bites you.
* * * LOW HITPOINT WARNING * * *
The troll claws you but does no damage. You block the troll's attack.
You completely miss the troll. You claw the troll.
The troll is almost dead.
The troll bites you!
You die...

### #@#
############T#
#....T.O.....#
#.############
#.# #.# #.#
#O#
#...T.......


You could see a troll.

Vanquished Creatures
  3 two-headed ogres
  Pikel (D:8)
  2 trolls
  A hippogriff (D:10)
  Sigmund (D:3)
  5 yaks (D:8)
  Edmund (D:5)
  2 water moccasins
  Duvessa (D:7)
  An orc warrior (D:9)
  A sky beast (D:10)
  3 black bears
  An ice beast (D:9)
  A phantom (D:9)
  2 centaurs
  5 ogres
  A gnoll sergeant (D:5)
  5 bullfrogs
  A wyvern zombie (D:7)
  Dowan (D:7)
  4 water moccasin zombies (Ossuary)
  3 scorpions
  12 killer bees
  4 wights (D:8)
  7 howler monkeys
  6 crimson imps
  A bullfrog zombie (D:9)
  2 centaur zombies
  A quasit (D:8)
  3 hounds
  5 orc priests
  6 jellies
  A bullfrog skeleton (D:5)
  A centaur skeleton (D:8)
  4 orc wizards
  5 iguanas
  Natasha (D:3)
  7 worker ants
  A big kobold zombie (Ossuary)
  A hound zombie (D:8)
  2 hound skeletons
  2 mummies (Ossuary)
  A worker ant zombie (D:10)
  8 gnolls
  A howler monkey skeleton (D:6)
  9 adders
  An ooze (D:3)
  An adder skeleton (D:9)
  5 adder zombies
  3 worms
  2 dart slugs (D:1)
  4 leopard geckos
  20 orcs
  2 ball pythons
  4 giant cockroaches
  7 goblins
  14 hobgoblins
  2 jackals (D:5)
  5 kobolds
  A quokka (D:8)
  7 bats
  4 frilled lizards
  A giant cockroach zombie (D:6)
  3 gnoll zombies (Ossuary)
  5 hobgoblin zombies (Ossuary)
  4 kobold zombies (Ossuary)
  A leopard gecko skeleton (D:8)
  4 orc zombies (Ossuary)
  2 quokka skeletons
  4 rats
243 creatures vanquished.

Notes
Turn   | Place    | Note
-------+----------+-------------------------------------------
     0 | D:1      | jerryfan the Demonspawn Fighter began the quest for the
                  | Orb.
     0 | D:1      | Reached XP level 1. HP: 18/18 MP: 1/1
   133 | D:1      | Reached skill level 2 in Axes
   238 | D:1      | Gained mutation: Your flesh is cold resistant. (rC+)
                  | [demonic ancestry]
   238 | D:1      | Reached XP level 2. HP: 23/24 MP: 2/2
   560 | D:1      | Gained mutation: You are partially covered in sharp spines.
                  | [demonic ancestry]
   560 | D:1      | Reached XP level 3. HP: 18/29 MP: 3/3
  1378 | D:2      | Found a shattered altar of Ashenzari.
  1510 | D:3      | Reached XP level 4. HP: 20/35 MP: 4/4
  1734 | D:3      | Reached skill level 3 in Axes
  1941 | D:3      | Noticed Grinder
  1941 | D:3      | Paralysed by Grinder for 2 turns
  1948 | D:3      | Paralysed by something for 2 turns
  2237 | D:3      | Gained mutation: You have sharp toenails. [demonic
                  | ancestry]
  2237 | D:3      | Reached XP level 5. HP: 17/42 MP: 5/5
  2460 | D:3      | Noticed Sigmund
  2468 | D:3      | Killed Sigmund
  2468 | D:3      | Reached skill level 4 in Axes
  2468 | D:3      | Gained mutation: You have razor-sharp toenails. [demonic
                  | ancestry]
  2468 | D:3      | Reached XP level 6. HP: 38/48 MP: 6/6
  2563 | D:3      | Noticed Natasha
  2571 | D:3      | Killed Natasha
  2821 | D:4      | Found a stormy altar of Qazlal.
  2866 | D:2      | Learned a level 3 spell: Tukima's Dance
  3290 | D:4      | Reached skill level 1 in Hexes
  3313 | D:4      | Found a radiant altar of Vehumet.
  3698 | D:5      | Entered Level 5 of the Dungeon
  3734 | D:5      | Reached XP level 7. HP: 54/55 MP: 7/7
  4035 | D:4      | You fall through a shaft for 3 floors!
  4035 | D:7      | Found a staircase to the Ecumenical Temple.
  4051 | Temple   | Entered the Ecumenical Temple
  4374 | D:6      | Noticed Edmund
  4390 | D:6      | Found a deep blue altar of Sif Muna.
  4427 | D:5      | Found a hazy altar of Hepliaklqana.
  4433 | D:5      | Reached skill level 5 in Axes
  4754 | D:5      | Reached XP level 8. HP: 53/61 MP: 8/8
  4812 | D:5      | Killed Edmund
  4883 | D:5      | Reached skill level 5 in Fighting
  5929 | D:6      | Reached skill level 6 in Axes
  5996 | D:6      | Noticed Prince Ribbit
  6267 | D:7      | Noticed Duvessa
  6276 | D:7      | Killed Duvessa
  6283 | D:7      | Noticed Dowan
  6295 | D:7      | Reached skill level 5 in Armour
  6295 | D:7      | Reached skill level 5 in Shields
  6295 | D:7      | Reached skill level 5 in Hexes
  6298 | D:7      | Killed Dowan
  6298 | D:7      | Gained mutation: Your movements are slightly less
                  | encumbered by armour. (ER -2) [demonic ancestry]
  6298 | D:7      | Reached XP level 9. HP: 22/68 MP: 9/9
  7065 | D:8      | Found a sand-covered staircase.
  7070 | Ossuary  | Entered an ossuary
  7227 | Ossuary  | Gained mutation: You have a pair of small horns on your
                  | head. [potion of mutation]
  7227 | Ossuary  | Gained mutation: You possess an exceptional clarity of
                  | mind. [potion of mutation]
  7227 | Ossuary  | Gained mutation: Your spells are a little harder to cast,
                  | but a little more powerful. [potion of mutation]
  7227 | Ossuary  | Gained mutation: Your flesh is very cold resistant. (rC++)
                  | [potion of mutation]
  7343 | D:8      | Noticed a two-headed ogre
  7355 | D:8      | Killed a two-headed ogre
  7355 | D:8      | Reached skill level 7 in Axes
  8049 | D:8      | Noticed Pikel
  8071 | D:8      | Killed Pikel
  8071 | D:8      | Reached XP level 10. HP: 59/77 MP: 2/10
  8262 | D:9      | Found a staircase to the Orcish Mines.
  8306 | D:9      | Reached skill level 8 in Axes
  8626 | D:9      | Learned a level 3 spell: Confuse
  9355 | D:9      | Found a blossoming altar of Fedhas.
  9522 | D:9      | Found a shadowy altar of Dithmenos.
  9821 | D:9      | Found a glowing silver altar of Zin.
  9874 | D:10     | Entered Level 10 of the Dungeon
 10473 | D:10     | Noticed a two-headed ogre
 10476 | D:10     | Reached XP level 11. HP: 84/84 MP: 11/11
 10483 | D:10     | Killed a two-headed ogre
 10483 | D:10     | Reached skill level 9 in Axes
 10964 | D:11     | Noticed Erolcha
 10965 | D:11     | Noticed a two-headed ogre
 11034 | D:11     | Killed a two-headed ogre
 11040 | D:11     | HP: 1/84 [troll (4)]
 11041 | D:11     | Mangled by a troll

Skill      XL: |  1  2  3  4  5  6  7  8  9 10 11 |
---------------+----------------------------------+-----
Axes           | 2 3 4 5 6 7 8 9 |  9.1
Armour         | 3 4 5 6 |  6.7
Shields        | 3 4 5 6 |  6.8
Fighting       | 4 5 6 7 |  7.4
Hexes          | 1 3 5 7 8 |  8.7

Action                   |  1- 3 |  4- 6 |  7- 9 | 10-12 || total
-------------------------+-------+-------+-------+-------++-------
Melee: War axe           |    93 |    79 |   336 |   157 ||   665
       Kick              |       |     9 |    98 |    49 ||   156
       Headbutt          |       |       |    10 |    29 ||    39
 Cast: Tukima's Dance    |       |       |     1 |       ||     1
Evoke: Wand              |       |     7 |     2 |     1 ||    10
  Use: Scroll            |       |     6 |    11 |     5 ||    22
       Potion            |       |     9 |     6 |     4 ||    19
 Stab: Distracted        |       |       |     1 |       ||     1
  Eat: Chunk             |     2 |     3 |     8 |     9 ||    22
       Ration            |       |     1 |     2 |       ||     3
Armor: Scale mail        |    29 |    32 |    19 |       ||    80
       Skin              |       |    11 |       |       ||    11
       Ring mail         |       |       |    90 |    68 ||   158
Dodge: Dodged            |    22 |    15 |   120 |    81 ||   238
       Deflected         |       |       |     1 |     4 ||     5
Block: Shield            |    47 |    37 |   171 |   104 ||   359
